Cogmind - Beta 13 X1 @@@ ROGUE MODE // 2023.08.13 @ 12:00:42 Player: f3-rnm Result: Core destroyed Performance ------------- Evolutions (0) 0 Regions Visited (3) 600 Robots Destroyed (21) 105 Value Destroyed (573) 573 Prototype IDs (11) 220 Alien Tech Used (0) 0 Bonus (0) 0 TOTAL SCORE: 1498 Bonus ------- None Cogmind --------- Core Integrity 0/250 Matter 132/300 Energy 199/200 System Corruption 0% Temperature Cool (0) Movement Rolling (115) Ox1 Location -10/Subcaves Parts ------- > --- POWER (1) -------- Subdweller Power Source > --- PROPULSION (2) --- Aluminum Leg Compact Wheel > --- UTILITY (2) ------ Experimental Sensor Array Gun Armor > --- WEAPON (2+2) ----- Subdweller Beam Cannon Subdweller Shrapnel Launcher Hammer (+) > --- INVENTORY (5) ---- Ion Engine Disposable Heat Sink Small Storage Unit ECM Suite Peak State ------------ > --- POWER ------------ Subdweller Power Source > --- PROPULSION ------- Aluminum Leg Compact Wheel > --- UTILITY ---------- Experimental Sensor Array Gun Armor > --- WEAPON ----------- Subdweller Beam Cannon Subdweller Shrapnel Launcher Hammer > --- INVENTORY -------- Ion Engine Disposable Heat Sink Small Storage Unit ECM Suite [Rating: 27] Favorites ----------- Power Ion Engine Engine Ion Engine Power Core Light Nuclear Core Propulsion Aluminum Leg Leg Aluminum Leg Wheel Compact Wheel Utility Experimental Sensor Array Device Experimental Sensor Array Storage Small Storage Unit Protection Gun Armor Weapon Subdweller Beam Cannon Energy Gun Small Laser Energy Cannon Subdweller Beam Cannon Ballistic Gun Assault Rifle Launcher Subdweller Shrapnel Launcher Impact Weapon Hammer Build | -11 -10 -10 -10 ------- Run | Jun Mat Min Sub Slots Evolved . | . . . . Power . | . . . . Propulsion . | . . . . Utility . | . . . . Weapon . | . . . . Parts Attached 38 | 7 4 3 24 Power 5 | 1 1 . 3 Engine 4 | 1 1 . 2 Core 1 | . . . 1 Reactor . | . . . . Propulsion 6 | 2 2 1 1 Treads . | . . . . Leg 5 | 2 2 1 . Wheel 1 | . . . 1 Hover . | . . . . Flight . | . . . . Utility 13 | 2 . . 11 Device 9 | 1 . . 8 Storage 2 | 1 . . 1 Processor . | . . . . Hackware . | . . . . Protection 2 | . . . 2 Artifact . | . . . . Weapon 14 | 2 1 2 9 Energy Gun 5 | 1 1 1 2 Energy Cannon 1 | . . . 1 Ballistic Gun 4 | 1 . 1 2 Ballistic Cannon . | . . . . Launcher 1 | . . . 1 Special Weapon . | . . . . Impact Weapon 3 | . . . 3 Slashing Weapon . | . . . . Piercing Weapon . | . . . . Special Melee Weapon . | . . . . Unidentified Prototypes 1 | . . . 1 Parts Lost 10 | . . 5 5 Power 2 | . . . 2 Propulsion 2 | . . 1 1 Utility 2 | . . 1 1 Weapon 4 | . . 3 1 Highest Loss Streak 3 | . . 3 3 To Critical Strikes . | . . . . Average Slot Usage (%) 92 | . 100 72 96 Engine 13 | . 14 14 12 Leg 18 | . 28 27 15 Wheel 9 | . . . 12 Device 18 | . 14 . 23 Storage 5 | . 14 14 2 Energy Gun 4 | . 16 6 2 Energy Cannon 8 | . . . 11 Ballistic Gun 5 | . 11 9 3 Launcher 1 | . . . 1 Impact Weapon 5 | . . . 7 Naked Turns . | . . . . Heaviest Build 28 | 15 15 12 28 Greatest Support 20 | 20 20 20 20 Greatest Overweight (x) 1 | . . . 1 Average Overweight (x) . | . . . . Largest Inventory Capacity 8 | 8 8 8 8 Average Capacity 6 | 7 8 8 5 Most Carried 8 | 5 8 8 8 Average Carried 4 | 2 6 5 4 Final Capacity 8 | 8 8 8 5 Final Carried 8 | 4 8 6 4 Class Distribution -------------------- 64% | Scavenger-Mutant 35% | Mutant Dominant Class ---------------- Mutant | -10/Materials Mutant | -10/Mines Scavenger-Mutant | -10/Subcaves Resources | -11 -10 -10 -10 ----------- Run | Jun Mat Min Sub Matter Collected 645 | 234 147 26 238 Remotely . | . . . . Salvage Created 664 | 50 202 88 324 Parts 51 | 8 20 5 18 Haulers Intercepted . | . . . . Recyclers Shooed 2 | . 2 . . Parts Field Recycled . | . . . . Retrieved Matter . | . . . . Parts Self-Destructed 5 | . . . 5 Prevented . | . . . . Kills | -11 -10 -10 -10 ------- Run | Jun Mat Min Sub Combat Hostiles Destroyed 17 | . 6 3 8 Guns 13 | . 6 3 4 Cannons 2 | . . . 2 AOE 2 | . . . 2 Classes Destroyed 7 | 1 4 1 1 Worker 1 | . 1 . . Tunneler 3 | 3 . . . Watcher 1 | . 1 . . Swarmer 3 | . 3 . . Grunt 9 | . 3 2 4 Subdweller 4 | . . . 4 Assembled 1 | . . 1 . Best Kill Streak 4 | 3 4 2 2 Combat Bots Only 3 | . 3 2 2 Max Kills in Single Turn 1 | 1 1 1 1 Gunslinging . | . . . . Exploded 1 | . . . 1 Melee . | . . . . Uniques/NPCs Destroyed . | . . . . Combat | -11 -10 -10 -10 -------- Run | Jun Mat Min Sub Damage Taken 1626 | . 350 474 802 Core 270 | . 52 56 162 Absorbed by Shields . | . . . . Core Remaining (%) 100 | 100 . . . Volleys Fired 78 | 5 22 16 35 Largest 2 | 2 2 2 2 Hottest 110 | 70 70 90 110 Shots Fired 133 | 10 44 29 50 Gun 120 | 10 44 29 37 Cannon 7 | . . . 7 Launcher 6 | . . . 6 Special . | . . . . Kinetic 56 | 5 22 3 26 Thermal 77 | 5 22 26 24 Explosive . | . . . . Electromagnetic . | . . . . Robot Hit Streak 13 | 5 5 8 13 Robot Miss Streak 4 | 1 4 4 2 Penetration Max . | . . . . Secondary Targets 1 | . . . 1 Max Gunslinging Chain 1 | . . . 1 Shots Hit Robots 86 | 7 24 19 36 Core Hits 34 | 3 11 7 13 Critical Kills . | . . . . Critical Parts Destroyed 1 | . 1 . . Critical Strikes 3 | . 3 . . Burn 2 | . 2 . . Destroy 1 | . 1 . . Melee Attacks 14 | . . . 14 Impact 14 | . . . 14 Slashing . | . . . . Piercing . | . . . . Sneak Attacks . | . . . . Combat Hostiles . | . . . . Follow-up Attacks . | . . . . Damage Inflicted 1301 | 97 336 228 640 Guns 1030 | 97 336 217 380 Cannons 82 | . . . 82 Explosions 163 | . . . 163 Melee 15 | . . . 15 Ramming 11 | . . 11 . Kinetic 651 | 46 198 22 385 Thermal 624 | 51 138 195 240 Explosive . | . . . . Electromagnetic . | . . . . Impact 15 | . . . 15 Slashing . | . . . . Piercing . | . . . . Highest Corruption . | . . . . Average Corruption . | . . . . Corruption Purged . | . . . . Corruption Blocked . | . . . . Overload Shots . | . . . . Overflow Damage 1 | . . . 1 Projectiles . | . . . . Explosions 1 | . . . 1 Melee . | . . . . Knockbacks 1 | . . . 1 Impact 1 | . . . 1 Kinetic . | . . . . Secondary . | . . . . Self-Inflicted Damage 58 | . . . 58 Shots 1 | . . . 1 Rammed . | . . . . Targets Rammed 4 | . . 4 . Kicked 4 | . . 4 . Crushed . | . . . . Highest Temperature 274 | 27 82 250 274 Average Temperature 65 | 11 25 106 141 Received Heat Transfer 1033 | . 108 413 512 Siege Activations . | . . . . Robots Corrupted . | . . . . Combat Hostiles . | . . . . Parts Fried . | . . . . Impact Corruptions . | . . . . Robots Melted . | . . . . Combat Hostiles . | . . . . Parts Melted 1 | . . 1 . Heat Transferred 1624 | 148 555 449 472 Parts Sabotaged . | . . . . Parts Stolen . | . . . . Parts Stripped . | . . . . Power Chain Reactions . | . . . . Missiles Intercepted . | . . . . Alert | -11 -10 -10 -10 ------- Run | Jun Mat Min Sub Peak Influence 161 | 15 161 107 . Initial 62 | . 9 62 . Average 61 | 4 75 73 . Maximum Alert Level . | . . . . Low Security (%) 100 | 100 100 100 . Level 1 . | . . . . Level 2 . | . . . . Level 3 . | . . . . Level 4 . | . . . . Level 5 . | . . . . High Security . | . . . . Max Security . | . . . . Squads Dispatched 2 | . 2 . . Investigation 1 | . 1 . . Extermination . | . . . . Reinforcement 1 | . 1 . . Assault . | . . . . Garrison . | . . . . Intercept . | . . . . Searches Triggered . | . . . . Construction Impeded . | . . . . Haulers Reinforced . | . . . . Active Scanning Responses . | . . . . Cargo Convoy Interrupts . | . . . . Stealth | -11 -10 -10 -10 --------- Run | Jun Mat Min Sub Distress Signals 1 | . 1 . . Communications Jammed . | . . . . Distress Signals . | . . . . Times Spotted 24 | . 9 8 7 Peak Tracking Total 4 | . 4 4 2 Tactical Retreats 4 | . . 4 . Traps | -11 -10 -10 -10 ------- Run | Jun Mat Min Sub Traps Triggered 2 | . 1 . 1 Indirectly . | . . . . Trap Hack Attempts . | . . . . Triggered . | . . . . Disarmed . | . . . . Reprogrammed . | . . . . Reused . | . . . . Traps Extracted . | . . . . Installed . | . . . . Triggered . | . . . . Machines | -11 -10 -10 -10 ---------- Run | Jun Mat Min Sub Machines Disabled 1 | . . . 1 Max in Single Turn 1 | . . . 1 Machines Repaired . | . . . . Machines Sabotaged . | . . . . Overloaded Fab Kills . | . . . . Hacking | -11 -10 -10 -10 --------- Run | Jun Mat Min Sub Machines Accessed 3 | . 1 . 2 Terminals 1 | . 1 . . Fabricators . | . . . . Repair Stations . | . . . . Recycling Units . | . . . . Scanalyzers . | . . . . Garrison Access . | . . . . Total Hacks 11 | . 1 . 10 Successful 10 | . . . 10 Failed 1 | . 1 . . Catastrophic . | . . . . Database Lockouts . | . . . . Manual 2 | . 2 . . Terminals 1 | . 1 . . Fabricators . | . . . . Repair Stations . | . . . . Recycling Units . | . . . . Scanalyzers . | . . . . Garrison Access . | . . . . Terminal Hacks 10 | . . . 10 Record 9 | . . . 9 Derelict Proto ID Bank 1 | . . . 1 Fabricator Hacks . | . . . . Repair Station Hacks . | . . . . Recycling Unit Hacks . | . . . . Scanalyzer . | . . . . Garrison Access Hacks . | . . . . Unauthorized Hacks . | . . . . Terminals . | . . . . Fabricators . | . . . . Repair Stations . | . . . . Recycling Units . | . . . . Scanalyzers . | . . . . Garrison Access . | . . . . Data Cores Recovered . | . . . . Used . | . . . . Hacking Detections . | . . . . Full Trace Events . | . . . . Feedback Events . | . . . . Feedback Blocked . | . . . . Robot Schematics Acquired . | . . . . Robots Built . | . . . . Authchips . | . . . . Time . | . . . . Total Robot Build Rating . | . . . . Part Schematics Acquired . | . . . . Parts Built . | . . . . Authchips . | . . . . Time . | . . . . Total Part Build Rating . | . . . . Parts Repaired . | . . . . Time . | . . . . Parts Recycled . | . . . . Recycled Matter . | . . . . Retrieved Matter . | . . . . Retrieved Components . | . . . . Parts Scanalyzed . | . . . . Part Schematics Acquired . | . . . . Parts Damaged . | . . . . Bothacking | -11 -10 -10 -10 ------------ Run | Jun Mat Min Sub Used RIF Installer . | . . . . Robots Hacked . | . . . . Non-combat . | . . . . Combat . | . . . . Robot Hacks Applied . | . . . . Relay Couplers Released . | . . . . Fabnet Peak Effective % . | . . . . Robots Rewired . | . . . . Allies Hacked . | . . . . Hacks Repelled . | . . . . Allies | -11 -10 -10 -10 -------- Run | Jun Mat Min Sub Total Allies . | . . . . Largest Group . | . . . . Highest-Rated Group . | . . . . Highest-Rated Ally . | . . . . Total Orders . | . . . . Ally Attacks . | . . . . Total Damage . | . . . . Kills . | . . . . Allies Corrupted . | . . . . Allies Melted . | . . . . Intel | -11 -10 -10 -10 ------- Run | Jun Mat Min Sub Robot Analysis Total . | . . . . Derelict Logs Recovered . | . . . . Drone Launches . | . . . . Drone Recoveries . | . . . . Exploration | -11 -10 -10 -10 ------------- Run | Jun Mat Min Sub Turns Passed 2252 | 125 248 316 1563 Spaces Moved 1455 | 81 115 172 1087 Core 7 | 7 . . . Treads . | . . . . Legs 483 | 74 115 172 122 Wheels 965 | . . . 965 Hover . | . . . . Flight . | . . . . Fastest Speed 50 | 50 120 120 100 Average Speed 115 | 113 120 120 114 Slowest Speed 120 | 120 120 120 120 Overloaded Moves . | . . . . Propulsion Burnouts . | . . . . Robots Hopped . | . . . . Cave-ins Triggered . | . . . . Exploration Rate (%) 27 | 4 17 43 45 Regions Visited 3 Branch Regions 2 Pre-discovered Areas . | . . . . Known Exits Taken . | . . . . Unknown Exits Taken 3 | 1 1 1 . Scrap Searched 6 | . . 1 5 Spaces Dug . | . . . . Terrain Destroyed 67 | . . . 67 Melee . | . . . . Projectile 1 | . . . 1 AOE 66 | . . . 66 Terrain Rammed . | . . . . Walls Destroyed . | . . . . Machines Disabled . | . . . . Actions | -11 -10 -10 -10 --------- Run | Jun Mat Min Sub Total 1870 | 103 182 252 1333 Wait 228 | . 27 57 144 Move 1452 | 80 114 171 1087 Hop . | . . . . Pick Up 38 | 11 9 1 17 Fast Attach 2 | . 1 . 1 Attach 23 | 7 . 3 13 Detach 3 | . . . 3 Swap 13 | . 3 . 10 Drop 15 | . 6 . 9 Fire 78 | 5 22 16 35 Melee 14 | . . . 14 Ram . | . . . . Kick 4 | . . 4 . Crush . | . . . . Escape Stasis . | . . . . Rewire . | . . . . Trap . | . . . . Miscellaneous . | . . . . Route ------- -11/Junkyard -10/Materials -10/Mines (discovered 2 exits: [*Mat] / *Sub) -10/Subcaves History --------- Turn | Location | Event 11 | -11/Junkyard | Discovered new exit (range 15) 126 | -11/Junkyard | Entered Materials 264 | -10/Materials | Discovered new exit (range 13) 374 | -10/Materials | Entered Mines 403 | -10/Mines | Assembled infested the area 470 | -10/Mines | Discovered new exit (range 12) 478 | -10/Mines | Lost 3 parts (1n2w) 622 | -10/Mines | Found a damaged Exp. Sensor Array with a note attached 624 | -10/Mines | Found Prototype Device 684 | -10/Mines | Discovered new exit (range 5) 690 | -10/Mines | Entered Subcaves 706 | -10/Subcaves | Identified Exp. Sensor Array 727 | -10/Subcaves | Build established: Mutant 848 | -10/Subcaves | Core integrity fell below 50% 963 | -10/Subcaves | Core integrity fell below 20% 1015 | -10/Subcaves | Lost 3 parts (1p1u1w) 1291 | -10/Subcaves | Build established: Scavenger-Mutant 1352 | -10/Subcaves | Shifting Twisted Machinery released Battle Cannon 1393 | -10/Subcaves | A swath of the cavern ceiling suddenly collapsed 1455 | -10/Subcaves | Disturbed a concealed Subdweller 1570 | -10/Subcaves | Visited Clippyterm 1676 | -10/Subcaves | Visited 4L-MR0's lab 1691 | -10/Subcaves | Found Gun Armor 2143 | -10/Subcaves | Shifting Twisted Machinery released Sub. Laser 2184 | -10/Subcaves | Shifting Twisted Machinery released Sub. Laser 2203 | -10/Subcaves | Attached Gun Armor, gained temporary slots: Weapon x2 2253 | -10/Subcaves | Core destroyed Last Messages --------------- 01687_ 4L-MR0 mumbles: "I'm surprised some of them are even willing to come in here given their fear of my usual visitors." 01691_ Dropped Sml. Battery. 01691_ Acquired Gun Armor. 01692_ 4L-MR0 mumbles: "Who knows where that last prototype ended up, probably tossed aside somewhere as if it were useless junk..." 01692_ Extracted 1 energy. 02016_ Dropped Sub. Machine Gun. 02018_ Acquired Sml. Storage Unit. 02054_ G-47 Trooper destroyed. 02058_ G-34 Mercenary destroyed. 02065_ Lgt. Nuclear Core fries itself beyond repair. 02068_ Aluminum Leg fries itself beyond repair. 02070_ Acquired 2 matter. 02071_ Particle Gun fries itself beyond repair. Sub. Laser falls loose from the Twisted Machinery. 02203_ Core temporarily expanded with Weapon slot. 02253_ Triggered Piercing Trap. 02253_ Spikes shoot up from the floor. 02253_ Critical hit (Impale). Map ----- +----------------------------------------------------+ | ???????????????????????????????? #??????????????? | | ???????????????????????????????? ##?????????????? | | ???????????????????????????????? #?????????????? | | ???????????????????????????????? ###???????????? | | ???????????????????????????????? ???????????? | | ???????????????????????????????# ???????????? | | ?????????????????????????####??# ????????????? | | ?????????????????????????# ### ?????????????? | | ?????????????????????????# #?????????????? | | ?????????????????????????# ??????????????? | | ???????????????#???##????? ???????????????? | | ??????????????## ### ????? #???????????????? | | ??????????????# ????## ###?????????????? | | ??????????????? ????#; ""##???????????? | | ????????????????? ????#; ##????????? | | ???????????????????# #??## ##?????????[" | | ?????????????###??## ### "" #????###??#" | | ???????????# # ## #""" ##???## ##??# | | ?????????? ##### ####### #### | | ?????????? #??## # # ## ## | | ?????????????# ## #??# "# | | ??????????? # #??## " | | ??????????? ##???### # # # | | ??????????? ##?????########### | | ???????????### ## ###?????????????# | | ?????????????#???## @ #?????????????# " | | ??????????????????# ####?????????# | | ??????????????????# #?????????## | | ??????????????????## ### ##??###?????# """ | | ???????????????????# #####?# #### #?????##""" | | ???????????????????####?????## #??????### | | ????????????????????????????# #????????# | | ????????????????????????????# #????????? | | ????????????????????????????## ### ##?????????# | | ?????????????????????????????## ##?## #??????????? | | ??????????????????????????????###????##??????????? | | ?????????????????????????????????????????????????? | | ?????????????????????????????????????????????????? | | ?????????????????????????????????????????????????? | | ?????????????????????????????????????????????????? | | ?????????????????????????????????????????????????? | | ?????????????????????????????????????????????????? | | ?????????????????????????????????????????????????? | | ?????????????????????????????????????????????????? | | ?????????????????????????????????????????????????? | | ?????????????????????????????????????????????????? | | ?????????????????????????????????????????????????? | | ?????????????????????????????????????????????????? | | ?????????????????????????????????????????????????? | | ?????????????????????????????????????????????????? | +----------------------------------------------------+ Best States ------------- Heat Dissipation 25 Coolant Potential 50 Energy Generation 15 Energy Capacity 350 Matter Stores 300 Matter Capacity 300 Sight Range 21 Robot Scan Range 20 Terrain Scan Density 10 Armor Coverage 800 Evasion (%) 55 Item Schematics ----------------- None Robot Schematics ------------------ None Fabricated ------------ Nothing Alien Tech Used ----------------- None Achievements -------------- None Challenges ------------ None Game ------ Seed EnhancedLongswordShifter Manual? 0 Play Time 00:16:11 Cumulative 54.1 hours Start 2023.08.12 @ 22:50:52 End 2023.08.13 @ 12:00:42 Sessions 2 Manual Loads 0 Difficulty Rogue Special Mode None Game No. 43 Rogue 7 Adventurer 36 Explorer 0 Win Type - Total 6 Types 1/0/5/0/0/0/0/0/0 Lore% 39 Gallery% 59 Achievement% 51 Wizard Run 0 Options --------- ASCII 0 Keyboard 0 Movement Mouse Keybinds 0 Fullscreen 1 Font 18/SmallcapsGlow Map View 76x50 Tactical HUD 1 Map Filters NONE Filters NONE Steam 1 RUN: fe81288e-46ca-4d00-818d-70c6bfea2640